 Dungeon Crawl Stone Soup version 0.27.1-33-g824d729ab1 (webtiles) character file.

Game seed: 1524961008976080082

151 klutch the Stinger (level 5, 0/37 HPs)
             Began as a Demonspawn Venom Mage on Dec 5, 2021.
             Slain by a small abomination (19 damage)
             ... on level 3 of the Dungeon.
             The game lasted 00:19:13 (3749 turns).

klutch the Stinger (Demonspawn Venom Mage)          Turns: 3749, Time: 00:19:13

Health: 0/37       AC:  7    Str: 10    XL:     5   Next: 10%
Magic:  4/9        EV: 12    Int: 16    God:
Gold:   108        SH:  0    Dex: 13    Spells: 9/10 levels left

rFire    . . .     SeeInvis .   c - +1 dagger (venom)
rCold    . . .     Faith    .   (no shield)
rNeg     . . .     Spirit   .   a - +0 robe
rPois    .         Reflect  .   i - +0 helmet
rElec    .         Harm     .   (no cloak)
rCorr    .         Rampage  .   (no gloves)
Will     .....                  (no boots)
Stlth    ++........             (no amulet)
HPRegen  0.12/turn              n - +4 ring of protection
MPRegen  0.11/turn              (no ring)

@: about to teleport, studying Bows
A: spiny 2
a: no special abilities


You were on level 3 of the Dungeon.
You visited 1 branch of the dungeon, and saw 3 of its levels.

You collected 108 gold pieces.

Inventory:

Hand Weapons
 c - a +1 dagger of venom (weapon)
 h - a +1 dagger of pain
 m - a +0 longbow
Missiles
 e - 22 poisoned darts (quivered)
 o - 30 arrows
Armour
 a - a +0 robe (worn)
 i - a +0 helmet (worn)
Jewellery
 n - a +4 ring of protection (left hand)
Scrolls
 g - 2 scrolls of noise
 l - a scroll of identify
Potions
 b - 5 potions of haste
 d - 2 potions of degeneration {unknown}
 f - a potion of mutation {unknown}
 k - 2 potions of heal wounds {unknown}
 p - a potion of attraction {unknown}


   Skills:
 * Level 1.6 Fighting
 * Level 1.5 Short Blades
 + Level 1.1 Armour
 - Level 1.7 Dodging
 - Level 1.9 Stealth
 * Level 3.0 Spellcasting
 + Level 0.6 Conjurations
 - Level 0.8 Transmutations
 + Level 0.7 Air Magic
 + Level 3.6 Poison Magic


You had 9 spell levels left.
You knew the following spells:

 Your Spells              Type           Power      Damage    Failure   Level
a - Sting                 Tmut/Pois      36%        1d4       8%          1

Your spell library contained the following spells:

 Spells                   Type           Power      Damage    Failure   Level
 Poisonous Vapours        Pois/Air       18%        N/A       12%         2
 Slow                     Hex            2%         N/A       28%         2
 Mephitic Cloud           Conj/Pois/Air  7%         N/A       28%         3
 Olgreb's Toxic Radiance  Pois           14%        N/A       38%         4
 Confusing Touch          Hex            2%         N/A       50%         3
 Yara's Violent Unravell  Hex/Tmut       1%         3d3       99%         5


Dungeon Overview and Level Annotations

Branches:
Dungeon (3/15)

Altars:
Dithmenos
Wu Jian

Portals:
Abyss: D:3

Annotations:
D:3 1 transporter, Ekaitz's ghost, amateur DEEE


Innate Abilities, Weirdness & Mutations

You are mostly covered in sharp spines.


Message History

The quasit is almost dead.
You kill the quasit!
Your Spellcasting skill increases to level 3!
You have reached level 5!
Your demonic ancestry asserts itself...
Sharp spines emerge from more of your body.
Casting: Sting (safe; 8% risk of failure)
Confirm with . or Enter, or press ? or * to list all spells.
Aiming: Sting (safe; 8% risk of failure)
Press: ? - help, Shift-Dir - straight line, f - small abomination
Aim: a small abomination (68% to hit)
The sting hits the small abomination but does no damage.
The small abomination closely misses you.
Casting: Sting (safe; 8% risk of failure)
Confirm with . or Enter, or press ? or * to list all spells.
Aiming: Sting (safe; 8% risk of failure)
Press: ? - help, Shift-Dir - straight line, f/p - small abomination
Aim: a small abomination (68% to hit)
The sting misses the small abomination.
The small abomination barely misses you.
Casting: Sting (safe; 8% risk of failure)
Confirm with . or Enter, or press ? or * to list all spells.
Aiming: Sting (safe; 8% risk of failure)
Press: ? - help, Shift-Dir - straight line, f/p - small abomination
Aim: a small abomination (68% to hit)
The sting hits the small abomination but does no damage.
The small abomination barely misses you.
You hit the small abomination.
The small abomination is lightly damaged.
The small abomination is struck by your spines.
The small abomination misses you.
You hit the small abomination but do no damage.
The small abomination is lightly damaged.
The small abomination hits you!
As you read the scroll labelled TOTTEJ XAAJURPH, it crumbles to dust.
You feel strangely unstable.
It was a scroll of teleportation.
The small abomination is struck by your spines.
The small abomination hits you!!
Ouch! That really hurt!
You die...

#..♣#.##..###.#^..#..#..........
#..##.##...####^.##.>###########
#..#...##....#..##..## #..##..
###.##.###..#
#...###.#.###..#.##.#
#.#...#...(..#^#..#.#
#.#..♣#.W∩.#^....##.#
#...##.#......#.##..# #..##
^.###♣.^#@#..##
#..#.#..#..##$x.♣#.#
##.##©###...###$.#.#
#..###.......####.#
##.....#####..©...# #######
########


You could see a small abomination.

Vanquished Creatures
  A quasit (D:3)
  Terence (D:3)
  Robin (D:2)
  3 worms
  2 dart slugs
  6 ball pythons
  8 endoplasms
  6 giant cockroaches
  8 goblins
  7 hobgoblins
  5 quokkas
  5 bats
  5 frilled lizards
  3 kobolds
  5 rats
66 creatures vanquished.

Notes
Turn   | Place    | Note
-------+----------+-------------------------------------------
     0 | D:1      | klutch the Demonspawn Venom Mage began the quest for the
                  | Orb.
     0 | D:1      | Reached XP level 1. HP: 13/13 MP: 3/3
   482 | D:1      | Gained mutation: You are partially covered in sharp spines.
                  | [demonic ancestry]
   482 | D:1      | Reached XP level 2. HP: 17/19 MP: 1/5
  1012 | D:1      | Found a faded altar of an unknown god.
  1248 | D:2      | Noticed Robin
  1263 | D:1      | Reached XP level 3. HP: 12/25 MP: 2/6
  1770 | D:2      | Killed Robin
  1879 | D:2      | Reached skill level 1 in Fighting
  2462 | D:2      | Reached skill level 1 in Short Blades
  2462 | D:2      | Reached XP level 4. HP: 32/32 MP: 6/8
  2936 | D:3      | Found a shadowy altar of Dithmenos.
  2947 | D:3      | Noticed Terence
  2971 | D:3      | Killed Terence
  2972 | D:3      | Reached skill level 1 in Armour
  3368 | D:3      | Found an ornate altar of the Wu Jian Council.
  3448 | D:3      | Found a transporter.
  3458 | D:3      | Noticed Ekaitz's ghost (amateur DEEE)
  3459 | D:3      | Found a one-way gate to the infinite horrors of the Abyss.
  3459 | D:3      | Found a transporter.
  3524 | D:3      | Noticed a small abomination
  3744 | D:3      | Gained mutation: You are mostly covered in sharp spines.
                  | [demonic ancestry]
  3744 | D:3      | Reached XP level 5. HP: 35/37 MP: 6/9
  3749 | D:3      | Slain by a small abomination

Illustrated notes

Levels and vault maps discovered:
D:1:      sevenhm_arrival_forest_fort_large_2, layout_basic,
          chequers_ecumenical_altar_island, st_stairs_13, minmay_strange_pillars
D:2:      layout_loops_ring, minmay_misc_feat_enclosed, uniq_robin
D:3:      layout_basic, nzn_wu_jian_contemplation,
          nicolae_dithmenos_the_darkroom, gammafunk_ghost_abyssal_escape,
          uniq_terence

Skill      XL: |  1  2  3  4 |
---------------+-------------+-----
Fighting       | 1 |  1.6
Short Blades   | 1 |  1.5
Armour         | 1 |  1.1
Spellcasting   | 3 |  3.0
Dodging        | |  1.7
Stealth        | |  1.9
Conjurations   | |  0.6
Transmutations | |  0.8
Air Magic      | |  0.7
Poison Magic   | |  3.6

Action                   |  1- 3 |  4- 6 || total
-------------------------+-------+-------++-------
Melee: Dagger            |    55 |    37 ||    92
Throw: Dart              |    22 |    16 ||    38
 Cast: Sting             |    36 |    21 ||    57
  Use: Scroll            |     1 |     3 ||     4
 Stab: Sleeping          |     1 |     4 ||     5
Armor: Robe              |    14 |    27 ||    41
Dodge: Dodged            |    35 |    47 ||    82
